 Dungeon Crawl Stone Soup version 0.31-a0-845-g9abc20d24f (webtiles) character file.

Game seed: 5509604817699644512

23317 mopl the Martial Artist (level 13, -6/88 HPs)
             Began as an Octopode Shapeshifter on Oct 1, 2023.
             Was a Follower of Uskayaw.
             Mangled by a komodo dragon (33 damage)
             ... on level 1 of the Lair of Beasts on Oct 2, 2023.
             The game lasted 00:20:50 (11418 turns).

mopl the Martial Artist (Octopode Shapeshifter)    Turns: 11418, Time: 00:20:50

Health: -6/88      AC:  1    Str: 14    XL:     13   Next: 5%
Magic:  27/27      EV: 26    Int: 19    God:    Uskayaw [*.....]
Gold:   75         SH:  6    Dex: 15    Spells: 10/12 levels left

rFire   + .          .
                       - Unarmed
rCold   + . .        h - +1 buckler {rPois}
rNeg    . . .        (helmet currently unavailable)
rPois   +            P - amulet of faith {!P}
rElec   .            e - +5 ring of evasion
rCorr   +            w - ring of wizardry
SInv    +            V - +5 ring of evasion
Will    .....        (no ring)
Stlth   ++           R - ring "Nuogra" {MP+9 Int+6}
HPRegen 0.34/turn    Z - ring of the Loving Saviour {rF+ rC+ rCorr SInv}
MPRegen 0.20/turn    (no ring)
                     (no ring)

%: faith, wizardry (x1)
@: beast-form
A: beast (slay +4), almost no armour, amphibious, 8 rings, camouflage 1,
gelatinous body 1, (nimble swimmer 1), tentacles
a: Begin Untransformation, Renounce Religion, Stomp


You were on level 1 of the Lair of Beasts.
You worshipped Uskayaw.
Uskayaw was noncommittal.
You were a hulking beast.
You visited 3 branches of the dungeon, and saw 14 of its levels.

You collected 824 gold pieces.
You spent 749 gold pieces at shops.

Inventory:

Hand Weapons
 z - a +2 short sword of venom
Missiles
 j - 24 boomerangs
 m - 14 poisoned darts (quivered)
 y - a throwing net
 O - 4 javelins
 X - 3 atropa-tipped darts
Armour
 h - a +1 buckler of poison resistance (worn)
Jewellery
 e - a +5 ring of evasion (left tentacle)
 w - a ring of wizardry (right tentacle)
 K - a ring of fire
 P - an amulet of faith (around mantle) {!P}
 R - the ring "Nuogra" (on tentacle) {MP+9 Int+6}
   (You acquired it on level 10 of the Dungeon)

   [ring of magical power]

   Int+6:     It affects your intelligence (+6).
   MP+9:      It affects your magic capacity (+9).
 V - a +5 ring of evasion (on tentacle)
 Z - the ring of the Loving Saviour (on tentacle) {rF+ rC+ rCorr SInv}
   (You bought it in a shop on level 12 of the Dungeon)

   [ring of see invisible]

   rF+:       It protects you from fire.
   rC+:       It protects you from cold.
   SInv:      It lets you see invisible.
   rCorr:     It protects you from acid and corrosion.
Talismans
 b - a beast talisman (active)
 c - a flux talisman
 N - a maw talisman
Wands
 a - a wand of acid (17)
 n - a wand of mindburst (6)
 H - a wand of charming (20)
 Q - a wand of flame (18)
 S - a wand of roots (6)
 W - a wand of digging (4)
Scrolls
 d - 2 scrolls of fog
 g - 2 scrolls of immolation
 i - a scroll of enchant armour
 k - 4 scrolls of revelation {unknown}
 o - a scroll of identify
 p - a scroll of torment {!r}
 q - 2 scrolls of noise {unknown}
 s - 3 scrolls of blinking {unknown}
 t - 5 scrolls of teleportation {unknown}
 u - 2 scrolls of silence {unknown}
 A - 2 scrolls of poison
 B - 3 scrolls of vulnerability
 L - a scroll of butterflies
Potions
 f - 10 potions of curing
 l - 3 potions of heal wounds
 r - 3 potions of brilliance
 v - 2 potions of invisibility
 x - a potion of lignification {!q}
 J - 2 potions of might
 M - 2 potions of resistance
 Y - a potion of magic
Miscellaneous
 T - a phial of floods


   Skills:
 + Level 7.9 Fighting
 + Level 5.8 Throwing
 + Level 8.1 Dodging
 + Level 3.7 Shields
 * Level 11.4 Unarmed Combat
 - Level 3.0 Transmutations
 + Level 7.9 Invocations
 * Level 10.5 Shapeshifting


You had 10 spell levels left.
You knew the following spells:

 Your Spells              Type           Power      Damage    Failure   Level
w - Wereblood             Tmut           11%        N/A       4%          2

Your spell library contained the following spells:

 Spells                   Type           Power      Damage    Failure   Level
 Summon Small Mammal      Summ           0%         N/A       11%         1
 Cigotuvi's Dreadful Rot  Necr/Pois/Air  0%         N/A       16%         2
 Ignite Poison            Fire/Tmut/Pois 3%         N/A       21%         3
 Call Canine Familiar     Summ           0%         N/A       32%         3
 Frozen Ramparts          Ice            0%         1d1       32%         3
 Sigil of Binding         Hex            0%         N/A       32%         3
 Summon Guardian Golem    Hex/Summ       0%         N/A       32%         3
 Tukima's Dance           Hex            0%         N/A       32%         3
 Petrify                  Tmut/Erth      5%         N/A       47%         4
 Anguish                  Hex/Necr       0%         N/A       69%         4
 Cause Fear               Hex            0%         N/A       69%         4
 Dimensional Bullseye     Hex/Tloc       0%         N/A       69%         4
 Dispel Undead            Necr           0%         3d6       69%         4
 Iskenderun's Mystic Bla  Conj/Tloc      0%         2d3       69%         4
 Leda's Liquefaction      Hex/Erth       0%         N/A       69%         4
 Sticky Flame             Conj/Fire      0%         2d3       69%         4
 Irradiate                Conj/Tmut      2%         3d12      82%         5
 Metabolic Englaciation   Hex/Ice        0%         N/A       95%         5
 Death Channel            Necr           0%         N/A       100%        6
 Enfeeble                 Hex            0%         N/A       100%        7
 Ignition                 Fire           0%         3d3       100%        8


Dungeon Overview and Level Annotations

Branches:
Dungeon (12/15)            Temple (1/1) D:4            Lair (1/5) D:10
    Orc (0/2) D:12

Altars:
Ashenzari
Cheibriados
Dithmenos
Elyvilon
Fedhas
Gozag
Hepliaklqana
Kikubaaqudgha
Makhleb
Nemelex Xobeh
Okawaru
Qazlal
Ru
Sif Muna
Trog
Uskayaw
Vehumet
Wu Jian
Xom
Yredelemnul
Zin
The Shining One

Shops:
D:1 (   D:2 (   D:3 *   D:11 =   D:12 =[

Annotations:
D:3 2 runed translucent doors, Maratek's ghost, amateur OpFi
D:11 3 runed translucent doors, Xavier147's ghost, journeyman OgEE


Innate Abilities, Weirdness & Mutations

You are a hulking beast.
Your limbs bulge with bestial killing power. (Slay +4)
You cannot wear most types of armour.
You are amphibious.
You can wear up to eight rings at the same time.
Your skin changes colour to match your surroundings (Stealth+).
Your rubbery body absorbs attacks. (AC +1, EV +1)
((You are camouflaged when in or above water. (Stealth+)))
You have tentacles for arms and can constrict up to eight enemies at once.


Message History

Unknown command.
You tentacle-slap the polar bear.
The polar bear is lightly wounded.
You constrict the cane toad.
You kill the cane toad!
You feel sick. The polar bear bites you!
* * * LOW HITPOINT WARNING * * *
The polar bear misses you. You block the polar bear's attack.
You tentacle-slap the polar bear. x2
The polar bear is heavily wounded.
You feel sick. The polar bear misses you. The polar bear claws you.
* * * LOW HITPOINT WARNING * * *
The polar bear closely misses you.
You can now merge with and destroy a victim.
You feel better.
The polar bear is no longer sharing its pain.
You block the polar bear's attack. x2; The polar bear barely misses you.
You bludgeon the polar bear! You tentacle-slap the polar bear.
You squeeze the polar bear!
You kill the polar bear!
Things that are here:
a polar bear corpse; a basilisk corpse You enter the deep water.
Found a scroll of vulnerability.
You can no longer merge with and destroy a victim.
Found a scroll of torment.
You can no longer pass through a line of other dancers.
B - 3 scrolls of vulnerability (gained 1)
A komodo dragon comes into view.
The komodo dragon hisses angrily.
The komodo dragon moves out of view.
You see here a scroll of torment {!r}.
p - a scroll of torment {!r} You bludgeon the komodo dragon!
The komodo dragon is moderately wounded.
You block the komodo dragon's attack.
You barely miss the komodo dragon. You squeeze the komodo dragon.
The komodo dragon is moderately wounded.
The komodo dragon hisses menacingly.
The komodo dragon bites you!!
You die...

#..≈~~..P.#..## ##.##
#~.~....#.##.# #. #
#.~~≈.~.#..#.##
#...~.~.......P###..
....~≈......#........
.#...~.~.....#..#####
#...≈≈~......###
##..≈≈~...#.##
##≈≈##h..#.# #≈≈
##l#### #..P #.....
#...##.# ...## # #P##
##


You could see a komodo dragon.

Vanquished Creatures
  2 two-headed ogres
  A boulder beetle (D:12)
  3 manticores
  An ugly thing (D:12)
  A cyclops (D:12)
  Maurice (D:11)
  A cane toad (Lair:1)
  3 gargoyles
  Jeremiah (D:7)
  A komodo dragon (Lair:1)
  An unseen horror (D:12)
  5 trolls
  A polar bear (Lair:1)
  A hornet (D:8)
  2 wyverns
  A vampire (D:12)
  2 wraiths
  25 yaks
  3 basilisks
  6 vampire mosquitoes
  3 steam dragons
  3 acid dragons
  6 water moccasins
  5 orc warriors
  3 ice beasts (D:6)
  2 sky beasts
  2 black bears
  An ogre (D:6)
  10 centaurs
  A phantom (D:5)
  A kobold brigand (D:7)
  Blork the orc (D:5)
  4 bullfrogs
  4 scorpions
  8 wights
  A howler monkey (D:6)
  6 orc priests
  3 jellies
  A gnoll bouda (D:4)
  A hound (D:5)
  3 sleepcaps
  2 iguanas (D:5)
  14 orc wizards
  Natasha (thrice) (D:3)
  5 gnolls (D:4)
  8 adders
  3 shadow imps
  A white imp (D:6)
  A worm (D:2)
  3 dart slugs
  35 orcs
  7 endoplasms
  2 giant cockroaches
  8 goblins
  13 hobgoblins
  7 jackals
  5 quokkas
  10 ball pythons
  5 bats
  2 frilled lizards
  6 kobolds
  A rat (D:2)
272 creatures vanquished.

Vanquished Creatures (others)
  An orc wizard (D:5)
1 creature vanquished.

Grand Total: 273 creatures vanquished

Notes
Turn   | Place    | Note
-------+----------+-------------------------------------------
     0 | D:1      | mopl the Octopode Shapeshifter began the quest for the Orb.
     0 | D:1      | Reached XP level 1. HP: 13/13 MP: 1/1
    24 | D:1      | Found Vugruck's Antique Weapon Emporium.
   170 | D:1      | Reached XP level 2. HP: 18/18 MP: 2/2
   364 | D:1      | Found a faded altar of an unknown god.
   627 | D:2      | Reached XP level 3. HP: 23/23 MP: 3/3
  1110 | D:2      | Found Qeewn's Antique Weapon Shoppe.
  1211 | D:3      | Reached XP level 4. HP: 28/28 MP: 4/4
  1239 | D:3      | Found a transporter.
  1241 | D:3      | Found Myvoesim's General Store.
  1243 | D:3      | Found a transporter.
  1248 | D:3      | Bought a potion of heal wounds for 50 gold pieces
  1248 | D:3      | Bought a potion of curing for 30 gold pieces
  1301 | D:3      | Noticed Natasha
  1309 | D:3      | Killed Natasha
  1412 | D:3      | Found a runed translucent door.
  1413 | D:3      | Noticed Maratek's ghost (amateur OpFi)
  1477 | D:3      | Reached skill level 2 in Fighting
  1477 | D:3      | Reached skill level 4 in Unarmed Combat
  1477 | D:3      | Reached XP level 5. HP: 21/34 MP: 5/5
  1561 | D:3      | Noticed Natasha
  1568 | D:3      | Killed Natasha
  1583 | D:3      | Noticed Natasha
  1586 | D:3      | Killed Natasha
  1587 | D:3      | Reached skill level 4 in Shapeshifting
  1632 | D:3      | Found the +1 Delatra's gloves {ID++}
  1639 | D:3      | Found a runed translucent door.
  1823 | D:3      | Learned a level 2 spell: Wereblood
  1920 | D:4      | Found a staircase to the Ecumenical Temple.
  2068 | D:4      | Reached skill level 3 in Dodging
  2068 | D:4      | Reached XP level 6. HP: 40/40 MP: 6/6
  2186 | Temple   | Entered the Ecumenical Temple
  2196 | Temple   | Became a worshipper of Uskayaw the Reveller
  2261 | D:4      | Reached * piety under Uskayaw
  2389 | D:4      | Reached ** piety under Uskayaw
  2391 | D:4      | Reached *** piety under Uskayaw
  2392 | D:4      | Reached skill level 1 in Transmutations
  2806 | D:5      | Entered Level 5 of the Dungeon
  2879 | D:5      | Noticed Blork the orc
  2890 | D:5      | Reached **** piety under Uskayaw
  2891 | D:5      | Reached skill level 1 in Invocations
  2891 | D:5      | Reached XP level 7. HP: 39/45 MP: 7/7
  2893 | D:5      | Reached skill level 5 in Unarmed Combat
  2896 | D:5      | Killed Blork the orc
  2896 | D:5      | Reached ***** piety under Uskayaw
  2900 | D:5      | Reached skill level 3 in Fighting
  2924 | D:5      | Reached ****** piety under Uskayaw
  2930 | D:5      | Reached skill level 5 in Shapeshifting
  3065 | D:5      | Reached skill level 2 in Transmutations
  3075 | D:5      | Reached skill level 2 in Invocations
  3085 | D:5      | Reached XP level 8. HP: 52/52 MP: 9/9
  3924 | D:6      | Reached skill level 4 in Dodging
  4044 | D:6      | Reached skill level 1 in Throwing
  4170 | D:6      | Reached skill level 6 in Unarmed Combat
  4477 | D:6      | Reached skill level 3 in Invocations
  4482 | D:6      | Reached skill level 4 in Fighting
  4487 | D:6      | Reached skill level 3 in Transmutations
  4487 | D:6      | Reached XP level 9. HP: 24/58 MP: 11/11
  4490 | D:6      | Reached skill level 2 in Throwing
  4764 | D:3      | Bought 2 potions of curing for 60 gold pieces
  4764 | D:3      | Bought a scroll of poison for 40 gold pieces
  4764 | D:3      | Bought a scroll of vulnerability for 40 gold pieces
  4764 | D:3      | Bought 5 poisoned darts for 30 gold pieces
  4837 | D:6      | Reached skill level 6 in Shapeshifting
  5135 | D:6      | Reached skill level 7 in Unarmed Combat
  5641 | D:6      | Reached skill level 5 in Dodging
  5693 | D:7      | Reached skill level 3 in Throwing
  5693 | D:7      | Reached skill level 4 in Invocations
  5773 | D:7      | Noticed Jeremiah
  5911 | D:7      | Killed Jeremiah
  5938 | D:7      | Identified the +0 robe of Spite {+Blink rCorr Slay+3}
  5959 | D:7      | Reached skill level 7 in Shapeshifting
  5959 | D:7      | Reached XP level 10. HP: 28/65 MP: 13/13
  5960 | D:7      | Reached skill level 5 in Fighting
  6708 | D:6      | Found a broken altar of Ashenzari.
  6708 | D:6      | Found a burning altar of Makhleb.
  6771 | D:8      | Reached skill level 8 in Unarmed Combat
  6829 | D:8      | Reached skill level 4 in Throwing
  7081 | D:8      | Reached skill level 5 in Invocations
  7591 | D:8      | Reached skill level 6 in Fighting
  7591 | D:8      | Reached skill level 6 in Dodging
  7591 | D:8      | Reached skill level 9 in Unarmed Combat
  7591 | D:8      | Reached skill level 6 in Invocations
  7591 | D:8      | Reached skill level 9 in Shapeshifting
  7591 | D:8      | Reached XP level 11. HP: 74/74 MP: 13/15
  7598 | D:8      | Identified a scroll of acquirement
  7599 | D:8      | Acquired a +1 buckler of poison resistance
  7657 | D:9      | Found a blossoming altar of Fedhas.
  7680 | D:9      | Reached skill level 7 in Dodging
  7683 | D:9      | Reached skill level 10 in Unarmed Combat
  7947 | D:10     | Entered Level 10 of the Dungeon
  8053 | D:10     | Identified the +5 falchion of Cowardice {freeze, rF+
                  | Stlth+}
  8211 | D:10     | Found a staircase to the Lair.
  8219 | D:10     | Reached skill level 1 in Shields
  8240 | D:10     | HP: 3/74 [black bear (2)]
  8555 | D:10     | Acquired the ring "Nuogra" {MP+9 Int+6}
  8702 | D:11     | Reached skill level 7 in Fighting
  8784 | D:11     | Noticed Maurice
  8788 | D:11     | Killed Maurice
  8796 | D:11     | Noticed a manticore
  8802 | D:11     | Reached XP level 12. HP: 81/81 MP: 17/17
  8809 | D:11     | Reached skill level 7 in Invocations
  8816 | D:11     | Reached skill level 2 in Shields
  9065 | D:11     | Noticed a two-headed ogre
  9076 | D:11     | Killed a two-headed ogre
  9077 | D:11     | Reached skill level 5 in Throwing
  9327 | D:11     | Found Voexi's Jewellery Shop.
  9371 | D:11     | HP: 4/81 [yak (15)]
  9608 | D:11     | Found a runed translucent gate.
  9609 | D:11     | Found a runed translucent gate.
  9609 | D:11     | Noticed Xavier147's ghost (journeyman OgEE)
  9610 | D:11     | Found a runed translucent gate.
  9891 | D:12     | Noticed a boulder beetle
  9938 | D:12     | Noticed a two-headed ogre
  9938 | D:12     | Found a staircase to the Orcish Mines.
 10050 | D:12     | Found Gurummiur's One-of-a-Kind Rings.
 10181 | D:12     | Killed a two-headed ogre
 10263 | D:12     | Reached skill level 10 in Shapeshifting
 10353 | D:12     | Found Zili's Armour Emporium.
 10452 | D:12     | Reached skill level 3 in Shields
 10491 | D:12     | Reached skill level 11 in Unarmed Combat
 10496 | D:12     | Killed a boulder beetle
 10503 | D:12     | Found the +0 pair of fencer's gloves {Riposte Dex+3}
 10969 | D:12     | Reached skill level 8 in Dodging
 11030 | D:12     | Bought the ring of the Loving Saviour {rF+ rC+ rCorr SInv}
                  | for 499 gold pieces
 11282 | Lair:1   | Entered Level 1 of the Lair of Beasts
 11341 | Lair:1   | Reached XP level 13. HP: 65/88 MP: 18/18
 11418 | Lair:1   | Mangled by a komodo dragon

Illustrated notes

Levels and vault maps discovered:
D:1:      psy_arrival_conway, layout_loops_ring, basic_ecumenical_altar,
          serial_shops, shop, minmay_misc_feat_ornament, minmay_crystal_water
D:2:      layout_loops_cross, serial_shops, nicolae_shop_just_a_little_nook
D:3:      layout_loops_ring, ebering_ghost_sewer_f, serial_shops,
          nicolae_shop_drivethru, hangedman_decor_clover_reticule, uniq_natasha
D:4:      layout_rooms, minmay_temple_entry_tees, minmay_starry_boxes
D:5:      layout_basic, uniq_blork_the_orc
D:6:      minmay_diamond_boxcup, layout_loops_ring,
          nicolae_overflow_hidden_temple
D:7:      layout_gridville, uniq_jeremiah
D:8:      layout_basic
D:9:      layout_cave_pools, amcnicky_altar_gilded
D:10:     layout_long_grid, david_lair_generic
D:11:     layout_roguey, serial_shops, shop, gammafunk_ghost_nasty_kobolds,
          uniq_maurice
D:12:     layout_small_grid, orc_0_dummy, serial_shops, nicolae_lakefront_shop,
          st_stairs_3, nicolae_shop_unique_rings
Temple:   hellmonk_temple_of_storms
Lair:1:   layout_misc_corridors, portal_ice_cave_entry_imps,
          chequers_serial_rivers_small_3, lemuel_fruit_fields, uniq_erica

Skill      XL: |  1  2  3  4  5  6  7  8  9 10 11 12 |
---------------+-------------------------------------+-----
Fighting       | 2 3 4 6 7 |  7.9
Unarmed Combat | 4 5 6 7 9 10 11 | 11.4
Shapeshifting  | 4 5 7 9 10 | 10.5
Dodging        | 3 4 5 6 7 8 |  8.1
Transmutations | 1 2 3 |  3.0
Invocations    | 1 2 3 4 6 7 |  7.9
Throwing       | 1 3 4 5 |  5.8
Shields        | 1 3 |  3.7

Action                     |  1- 3 |  4- 6 |  7- 9 | 10-12 | 13-15 || total
---------------------------+-------+-------+-------+-------+-------++-------
  Melee: Unarmed           |    55 |   113 |   180 |   329 |    22 ||   699
         Tentacles         |    15 |    27 |    48 |    92 |     7 ||   189
         Constrict         |    17 |    25 |    40 |    29 |     4 ||   115
         Punch             |     4 |     4 |     7 |    44 |     4 ||    63
  Throw: Dart              |       |       |     3 |    25 |       ||    28
   Cast: Wereblood         |       |       |       |    12 |       ||    12
  Evoke: Wand              |       |       |     7 |     7 |       ||    14
    Use: Potion            |       |     1 |     2 |     3 |     1 ||     7
         Scroll            |       |       |       |    18 |       ||    18
   Stab: Sleeping          |     6 |     8 |     3 |     5 |       ||    22
         Paralysed         |       |     1 |     9 |    33 |       ||    43
         Distracted        |       |     1 |     1 |       |       ||     2
 Armour: Skin              |    17 |    34 |    88 |   140 |     8 ||   287
  Dodge: Dodged            |    43 |    69 |   104 |   220 |    16 ||   452
  Block: Buckler           |       |       |       |    71 |     7 ||    78

Table legend: (Time is in decaauts)
 A = Elapsed time spent in this place.
 B = Non-inter-level travel time spent in this place.
 C = Inter-level travel time spent in this place.
 D = Time resting spent in this place.
 E = Time spent auto-exploring this place.
 F = Levels seen in this place.
 G = Mean time per level.
                   A        B        C        D        E       F      G
               +--------+--------+--------+--------+--------+-----+--------+
         Total |  11341 |  10673 |    668 |   2905 |   5695 |  14 |  810.1 |
       Dungeon |  11190 |  10532 |    658 |   2905 |   5695 |  12 |  932.5 |
        Temple |     20 |     10 |     10 |      0 |      0 |   1 |   20.0 |
          Lair |    129 |    129 |      0 |      0 |      0 |   1 |  129.0 |
               +--------+--------+--------+--------+--------+-----+--------+

Top non-repeatable levels by time:
     D:6: 1678 daAuts
    D:11: 1434 daAuts
    D:12: 1112 daAuts
     D:5: 1064 daAuts
     D:4: 971 daAuts
     D:7: 938 daAuts
     D:3: 831 daAuts
    D:10: 752 daAuts
     D:2: 650 daAuts
     D:8: 615 daAuts
     D:9: 592 daAuts
     D:1: 548 daAuts
  Lair:1: 129 daAuts
  Temple: 20 daAuts
